 Dungeon Crawl Stone Soup version 0.32-a0-871-ge202e49faa (webtiles) character file.

Game seed: 1227673330211490350

5291 Mesmaeker13 the Arsonist (level 10, -2/44 (50) HPs)
             Began as a Deep Elf Alchemist on Mar 29, 2024.
             Was a Follower of Ru.
             Slain by a wight
             ... wielding a +2 scimitar of freezing
              (5 damage)
             ... on level 9 of the Dungeon.
             The game lasted 00:23:16 (9533 turns).

Mesmaeker13 the Arsonist (Deep Elf Alchemist)       Turns: 9533, Time: 00:23:17

HP:   -2/44 (50)    AC: 12    Str:  5    XL:     10   Next: 37%
MP:   4/28          EV: 12    Int: 25    God:    Ru [*.....]
Gold: 363           SH:  0    Dex: 15    Spells: 8/18 levels left

rFire   . . .        E - +8 spear "Jijakh" {venom, MP+9 SInv}
rCold   . . .        (no shield)
rNeg    . . .        B - +1 leather armour {rPois}
rPois   +            (no helmet)
rElec   .            z - +2 cloak
rCorr   .            (no gloves)
SInv    +            G - +0 pair of boots
Will    +....        D - amulet of regeneration
Stlth   ++           v - ring of wizardry
HPRegen 1.07/turn    C - +4 ring of protection
MPRegen 0.21/turn

%: wizardry (x1)
@: about to teleport, studying Unarmed Combat, heavily drained
A: disrupted magic 1
a: Renounce Religion


You were on level 9 of the Dungeon.
You worshipped Ru.
Ru was aware of your devotion.
You visited 2 branches of the dungeon, and saw 10 of its levels.

You collected 363 gold pieces.

Inventory:

Hand Weapons
 E - the +8 spear "Jijakh" (weapon) {venom, MP+9 SInv}
   (You found it on level 6 of the Dungeon)

   MP+9:      It affects your magic capacity (+9).
   SInv:      It lets you see invisible.
Missiles
 t - 2 throwing nets
 F - 2 curare-tipped darts
Armour
 p - a +2 scale mail of cold resistance
 y - a scarf of repulsion
 z - a +2 cloak (worn)
 B - a +1 leather armour of poison resistance (worn)
 G - a +0 pair of boots (worn)
Magical Staves
 k - a staff of earth
Jewellery
 d - an amulet of faith
 h - a +6 ring of dexterity
 n - a ring of protection from cold
 v - a ring of wizardry (left hand)
 C - a +4 ring of protection (right hand)
 D - an amulet of regeneration (around neck)
 P - a ring of resist corrosion
Wands
 w - a wand of acid (2)
 A - a wand of flame (28)
 L - a wand of iceblast (4)
Scrolls
 g - 3 scrolls of immolation
 i - a scroll of fog
 j - a scroll of teleportation
 l - 3 scrolls of torment
 m - a scroll of summoning
 q - 3 scrolls of noise
 r - a scroll of revelation
 u - a scroll of poison {unknown}
 x - a scroll of blinking {unknown}
 H - a scroll of brand weapon
 J - a scroll of amnesia {unknown}
 K - a scroll of vulnerability
 N - a scroll of silence {unknown}
 O - a scroll of enchant armour {unknown}
 Q - a scroll of enchant weapon {unknown}
Potions
 a - a potion of heal wounds {unknown}
 b - a potion of magic
 c - 2 potions of brilliance
 e - 2 potions of curing
 f - 3 potions of might {unknown}
 o - 2 potions of lignification {unknown}
 s - a potion of resistance {unknown}
 I - a potion of berserk rage {unknown}
 M - a potion of degeneration {unknown}


   Skills:
 + Level 3.2 Armour
 - Level 6.2 Dodging
 - Level 4.2 Stealth
 - Level 4.6 Spellcasting
 + Level 7.0 Conjurations
 * Level 8.9 Fire Magic
 + Level 6.4 Air Magic
 + Level 7.6 Alchemy


You had 8 spell levels left.
You knew the following spells:

 Your Spells              Type           Power      Damage    Failure   Level
a - Sting                 Conj/Alch      100%       1d9       1%          1
b - Mercury Vapours       Alch/Air       82%        N/A       1%          2
c - Mephitic Cloud        Conj/Alch/Air  41%        N/A       1%          3
d - Sticky Flame          Fire/Alch      47%        2d9       3%          4

Your spell library contained the following spells:

 Spells                   Type           Power      Damage    Failure   Level
 Kiss of Death            Conj/Necr      92%        2d12      2%          1
 Olgreb's Toxic Radiance  Alch           44%        N/A       4%          4
 Dazzling Flash           Conj/Hex       46%        N/A       6%          3
 Apportation              Tloc           10%        N/A       9%          1
 Necrotise                Necr           20%        1d5       9%          1
 Summon Small Mammal      Summ           20%        N/A       9%          1
 Summon Ice Beast         Ice/Summ       5%         N/A       21%         3
 Teleport Other           Tloc           5%         N/A       21%         3
 Silence                  Hex/Air        11%        N/A       45%         5
 Curse of Agony           Necr           5%         N/A       85%         5
 Summon Mana Viper        Hex/Summ       5%         N/A       85%         5
 Dispersal                Tloc           2%         N/A       100%        6
 Gell's Gavotte           Tloc           2%         2d(12-18) 100%        6
 Monstrous Menagerie      Summ           2%         N/A       100%        7


Dungeon Overview and Level Annotations

Branches:
Dungeon (9/15)             Temple (1/1) D:5
   Lair: D:8-11         Orc: D:9-12

Altars:
Ashenzari
Cheibriados
Dithmenos
Elyvilon
Fedhas
Gozag
Kikubaaqudgha
Makhleb
Nemelex Xobeh
Okawaru
Qazlal
Ru
Sif Muna
Trog
Uskayaw
Vehumet
Wu Jian
Xom
Yredelemnul
Zin
The Shining One

Shops:
D:1 (   D:5 *   D:6 ::

Annotations:
Temple 4 transporters


Innate Abilities, Weirdness & Mutations

Your casting is slightly disrupted.


Message History

The wight hits you with a +2 scimitar of freezing.
You feel drained. The wight freezes you.
Your magical contamination has completely faded away.
The yak attacks as it pursues you! The yak gores you.
The wight attacks as it pursues you!
The wight hits you with a +2 scimitar of freezing!
You feel drained. The wight freezes you.
* * * LOW HITPOINT WARNING * * *
Aiming: Corrosive Bolt
Press: ? - help, Shift-Dir - straight line, f/p - yak
Aim: a yak (severely wounded, 83% to hit)
The bolt of acid hits the wight!
The acid corrodes the wight!
The wight is heavily damaged.
The bolt of acid hits the yak!
The acid corrodes the yak!
The yak is almost dead.
The wight closely misses you. The wight attacks as it pursues you!
The wight hits you with a +2 scimitar of freezing.
The wight freezes you. The yak attacks as it pursues you! The yak gores you!
* * * LOW HITPOINT WARNING * * *
Okay, then.
You feel better.
The wight hits you with a +2 scimitar of freezing.
* * * LOW HITPOINT WARNING * * *
The wight freezes you.
* * * LOW HITPOINT WARNING * * *
The yak barely misses you.
Okay, then.
Unknown command.
You feel better. The wight hits you but does no damage. The yak gores you.
Unknown command.
As you read the scroll of teleportation, it crumbles to dust.
You feel strangely unstable. The wight closely misses you. The yak gores you.
* * * LOW HITPOINT WARNING * * *
The wight attacks as it pursues you!
The wight hits you with a +2 scimitar of freezing!
* * * LOW HITPOINT WARNING * * *
You feel drained.
You die...
Ru respects your ultimate sacrifice.

####### ###############.# ......#
#............##.# ......#
#...........)##.# ......#
#............)†.### ......###
#..........))###<.+ ........#
#...........)# ####
........#####............######..
..............Y..................
...............z@....###.........
.............#######.# #.........
.............#######.# #.........
.............##...##.# #.........
#'####.......####'######.........
#.####.......'.......'.######+###
.....+.......#.#...#.#.......
#†####.......#.#._.#.#.......
)†).^........#.#...#.#....###


You could see a yak (corroded) and a wight (corroded).

Vanquished Creatures
  A slime creature (D:7)
  8 yaks (D:9)
  A wyvern (D:8)
  A steam dragon (D:6)
  An acid dragon (D:9)
  A water moccasin (D:8)
  An ice beast (D:7)
  2 sky beasts (D:8)
  An orc warrior (D:9)
  An ogre (D:6)
  6 centaurs
  2 kobold brigands
  3 bullfrogs
  3 scorpions
  12 wights
  6 killer bees (D:9)
  2 howler monkeys
  2 electric eels (D:8)
  4 bombardier beetles
  2 orc priests
  3 gnoll boudas
  4 hounds
  2 iguanas
  Ijyb (D:5)
  Terence (D:3)
  10 orc wizards
  8 gnolls
  7 adders
  2 ufetubi (D:6)
  2 dart slugs
  5 ribbon worms
  37 orcs
  8 endoplasms
  4 giant cockroaches
  9 goblins
  4 hobgoblins
  3 jackals
  3 quokkas
  5 ball pythons
  6 bats
  3 frilled lizards (D:2)
  14 kobolds
  8 rats
209 creatures vanquished.

Notes
Turn   | Place    | Note
-------+----------+-------------------------------------------
     0 | D:1      | Mesmaeker13 the Deep Elf Alchemist began the quest for the
                  | Orb.
     0 | D:1      | Reached XP level 1. HP: 10/10 MP: 6/6
   139 | D:1      | Reached XP level 2. HP: 12/15 MP: 0/8
   523 | D:1      | Found Nistied's Antique Weapon Shop.
   825 | D:1      | Reached XP level 3. HP: 19/19 MP: 7/9
  1167 | D:2      | Learned a level 2 spell: Mercury Vapours
  1182 | D:2      | Found a snail-covered altar of Cheibriados.
  1272 | D:2      | Identified the +1 hand axe of Fadeuti {antimagic, rF+
                  | Will+}
  1557 | D:2      | Found a faded altar of an unknown god.
  2159 | D:3      | Reached XP level 4. HP: 24/24 MP: 3/11
  2235 | D:3      | Reached skill level 1 in Air Magic
  2457 | D:3      | Noticed Terence
  2470 | D:3      | Killed Terence
  2544 | D:3      | Reached XP level 5. HP: 15/28 MP: 7/13
  2631 | D:3      | Found a blossoming altar of Fedhas.
  2755 | D:3      | Found a shimmering altar of Xom.
  2765 | D:3      | Found a glowing golden altar of the Shining One.
  3326 | D:3      | Learned a level 3 spell: Mephitic Cloud
  4223 | D:4      | Reached XP level 6. HP: 32/32 MP: 7/14
  4809 | D:4      | Learned a level 4 spell: Sticky Flame
  4811 | D:5      | Entered Level 5 of the Dungeon
  4849 | D:5      | Found a shadowy altar of Dithmenos.
  4901 | D:5      | Reached skill level 1 in Fire Magic
  5066 | D:5      | Found Bisea's Neck Hole.
  5099 | D:5      | Found a staircase to the Ecumenical Temple.
  5108 | Temple   | Found a transporter.
  5108 | Temple   | Found a transporter.
  5108 | Temple   | Found a transporter.
  5108 | Temple   | Found a transporter.
  5108 | Temple   | Entered the Ecumenical Temple
  5126 | Temple   | Became a worshipper of Ru the Awakened
  5148 | D:5      | Noticed Ijyb
  5163 | D:5      | Killed Ijyb
  5245 | D:5      | Reached XP level 7. HP: 35/36 MP: 9/16
  5267 | D:5      | Reached skill level 2 in Fire Magic
  5562 | D:5      | Found a shimmering blue altar of Sif Muna.
  5578 | D:5      | Found an ancient bone altar of Kikubaaqudgha.
  5585 | D:5      | Reached skill level 5 in Alchemy
  5615 | D:5      | Found a radiant altar of Vehumet.
  5619 | D:5      | Got Vehumet's Textbook on Kinetic Energy
  5834 | D:5      | Reached skill level 3 in Fire Magic
  6396 | D:6      | Reached skill level 5 in Dodging
  6490 | D:6      | Reached XP level 8. HP: 37/41 MP: 14/17
  6557 | D:6      | Reached skill level 4 in Fire Magic
  6751 | D:6      | Reached skill level 5 in Fire Magic
  6911 | D:6      | Identified the +8 spear "Jijakh" {venom, MP+9 SInv}
  7017 | D:6      | Found Miomujysi's Self-Improvement Boutique.
  7106 | D:6      | Reached skill level 5 in Conjurations
  7233 | D:6      | Found a snail-covered altar of Cheibriados.
  7325 | D:6      | Gained mutation: Your casting is slightly disrupted. [Ru
                  | sacrifice]
  7325 | D:6      | Reached * piety under Ru
  7355 | D:6      | Found Oruebuy's Book Shoppe.
  7845 | D:7      | Reached skill level 6 in Fire Magic
  7845 | D:7      | Reached XP level 9. HP: 45/45 MP: 18/18
  8100 | D:7      | Reached skill level 1 in Armour
  8242 | D:8      | Reached skill level 5 in Air Magic
  8338 | D:8      | Found a white marble altar of Elyvilon.
  8418 | D:8      | Reached skill level 7 in Fire Magic
  8516 | D:8      | Found a sparkling altar of Nemelex Xobeh.
  8847 | D:8      | Found a broken altar of Ashenzari.
  9272 | D:9      | Reached skill level 8 in Fire Magic
  9394 | D:9      | Found a basalt altar of Yredelemnul.
  9453 | D:9      | Reached XP level 10. HP: 49/50 MP: 19/19
  9533 | D:9      | Slain by a wight

Illustrated notes

Levels and vault maps discovered:
D:1:      minmay_arrival_floating_metal, layout_basic, serial_shops,
          nicolae_shop_dealshenge, columned_hall_lemuel
D:2:      layout_basic, hellmonk_ecumenical_altar_pennies_from_heaven,
          basic_altar, chequers_big_river, st_stairs_12
D:3:      layout_loops_ring, jmf_multi_god_temple2,
          mainiacjoe_overflow_small_starburst, st_stairs_10, uniq_terence
D:4:      layout_layer_cave
D:5:      layout_loops_corners, palyth_temple_overflow_mages,
          nicolae_dithmenos_through_a_glass_darkly,
          minmay_temple_entry_sparse_star, nicolae_shop_sticking_my_neck_out,
          uniq_ijyb
D:6:      kennysheep_spiral_hall, layout_basic, kennysheep_slug_shrine,
          serial_shops, kennysheep_mini_moat, nicolae_shop_self_help
D:7:      layout_rooms, minmay_manual_mess
D:8:      layout_basic, nicolae_elyvilon_temple_path,
          mainiacjoe_overflow_catwalk, mainiacjoe_overflow_tiny_flanked
D:9:      layout_basic, mainiacjoe_overflow_six_doors_small
Temple:   hellmonk_temple_divided_pantheon

Skill      XL: |  1  2  3  4  5  6  7  8  9 10 |
---------------+-------------------------------+-----
Stealth        | 3 4 |  4.2
Dodging        | 3 4 5 6 |  6.2
Conjurations   | 2 3 4 5 6 7 |  7.0
Air Magic      | 1 2 3 4 6 |  6.4
Spellcasting   | 4 |  4.6
Alchemy        | 4 5 6 7 |  7.6
Fire Magic     | 1 3 6 8 |  8.9
Armour         | 2 3 |  3.2

Action                     |  1- 3 |  4- 6 |  7- 9 | 10-12 || total
---------------------------+-------+-------+-------+-------++-------
  Melee: Unarmed           |     1 |       |       |       ||     1
         Dagger            |    17 |    27 |    27 |       ||    71
         Spear             |       |       |   119 |    23 ||   142
   Cast: Sting             |    82 |   120 |   116 |    12 ||   330
         Mercury Vapours   |     5 |    23 |    15 |     1 ||    44
         Mephitic Cloud    |       |     2 |     7 |     3 ||    12
         Sticky Flame      |       |       |    12 |     3 ||    15
 Invoke: Sacrifice Essence |       |       |     1 |       ||     1
  Evoke: Wand              |       |       |    17 |     1 ||    18
    Use: Scroll            |     2 |     3 |     6 |     1 ||    12
         Potion            |       |       |       |     2 ||     2
   Stab: Confused          |       |       |     2 |     1 ||     3
 Armour: Robe              |    12 |    40 |     3 |       ||    55
         Leather armour    |       |       |   146 |    39 ||   185
  Dodge: Dodged            |    21 |    34 |   125 |    19 ||   199

Table legend: (Time is in decaauts)
 A = Elapsed time spent in this place.
 B = Non-inter-level travel time spent in this place.
 C = Inter-level travel time spent in this place.
 D = Time resting spent in this place.
 E = Time spent auto-exploring this place.
 F = Levels seen in this place.
 G = Mean time per level.
                   A        B        C        D        E       F      G
               +--------+--------+--------+--------+--------+-----+--------+
         Total |   9565 |   9107 |    458 |    598 |   6531 |  10 |  956.5 |
       Dungeon |   9443 |   9002 |    441 |    522 |   6531 |   9 | 1049.2 |
        Temple |    121 |    104 |     17 |     76 |      0 |   1 |  121.0 |
               +--------+--------+--------+--------+--------+-----+--------+

Top non-repeatable levels by time:
     D:5: 1434 daAuts
     D:4: 1378 daAuts
     D:3: 1285 daAuts
     D:6: 1277 daAuts
     D:1: 1171 daAuts
     D:8: 1052 daAuts
     D:2: 996 daAuts
     D:7: 563 daAuts
     D:9: 285 daAuts
  Temple: 121 daAuts
